[Event "Titled Tuesday Blitz April 05 Late 2022"]
[White "Sadhwani, Raunak"]
[Black "He, Anthony"]
[WhiteFideId "35093487"]
[BlackFideId "2088215"]
[WhiteElo "2616"]
[BlackElo "2415"]
[Result "1/2-1/2"]
[Round "08"]
[TimeControl "180+1"]
[Date "2022.04.05"]
[WhiteClock "0:00:09"]
[BlackClock "0:00:14"]

1. d4 Nf6 2. Nf3 d5 3. Bf4 c5 4. e3 Nc6 5. Nbd2 cxd4 6. exd4 Bf5 7. c3 e6 8. Be2 h6 9. O-O Be7 10. Qb3 Qc8 11. Rfe1 O-O 12. h3 Bh7 13. a4 Bd8 14. Ne5 Nxe5 15. Bxe5 Nd7 16. Bg3 Bc7 17. Bxc7 Qxc7 18. a5 Rac8 19. Nf3 Be4 20. Nd2 Bf5 21. Qa3 Rfe8 22. Bb5 Red8 23. Bxd7 Qxd7 24. Qb4 Qc7 25. Ra3 Rb8 26. Nf1 Bd3 27. Ne3 Qd6 28. Rb3 Qxb4 29. Rxb4 Rdc8 30. Rd1 Bg6 31. f3 Kf8 32. Kf2 Ke7 33. Ke2 Kd7 34. h4 f6 35. g4 Rc6 36. Rg1 Ke7 37. g5 hxg5 38. hxg5 Kf7 39. gxf6 gxf6 40. Ra1 Rc7 41. Ra3 Ke7 42. Rab3 Be8 43. Ra3 a6 44. Kd2 Bb5 45. b3 Rbc8 46. c4 dxc4 47. bxc4 Bxc4 48. Nxc4 Rxc4 49. Rxb7+ Kd6 50. Kd3 R4c6 51. Rab3 e5 52. Ke4 exd4 53. Kxd4 Rc4+ 54. Ke3 R8c6 55. R7b6 Kd5 56. Rb7 Rc3+ 57. Rxc3 Rxc3+ 58. Kf4 Rc5 59. Rb6 Rxa5 60. Rxf6 Ra3 61. Kg5 a5 62. f4 Rg3+ 63. Kf5 a4 64. Ra6 a3 65. Kf6 Kc4 66. f5 Kb3 67. Kf7 a2 68. f6 Kb2 69. Rxa2+ Kxa2 70. Ke7 Re3+ 71. Kd7 Rd3+ 72. Ke7 Kb3 73. f7 Re3+ 74. Kd7 Rf3 75. Ke7 Kc4 76. f8=Q Rxf8 77. Kxf8 1/2-1/2


[Site "https://www.chess.com"]

[Event "Titled Tuesday Blitz April 05 Late 2022"]
[White "Sanal, Vahap"]
[Black "Mekhitarian, Krikor Sevag"]
[WhiteFideId "6300545"]
[BlackFideId "2107660"]
[WhiteElo "2603"]
[BlackElo "2598"]
[Result "1-0"]
[Round "08"]
[TimeControl "180+1"]
[Date "2022.04.05"]
[WhiteClock "0:00:04"]
[BlackClock "0:00:07"]

1. e4 c5 2. Nc3 e6 3. g3 d5 4. exd5 exd5 5. d4 cxd4 6. Qxd4 Nf6 7. Bg5 Be7 8. O-O-O Nc6 9. Qa4 Be6 10. Bg2 O-O 11. Nge2 Qb6 12. Be3 Bc5 13. Bxc5 Qxc5 14. Nd4 Rfe8 15. Qb5 Qe7 16. Rhe1 Qd6 17. a3 a6 18. Qb3 Rac8 19. Nxe6 fxe6 20. Kb1 b5 21. f4 g6 22. Ne2 Qc5 23. Qc3 Qxc3 24. Nxc3 Kg7 25. Bf3 Kf7 26. Ne2 Red8 27. c3 Rd6 28. Nd4 Nxd4 29. Rxd4 Rc4 30. Red1 Rdc6 31. Be2 Rxd4 32. Rxd4 Ne4 33. a4 Nd6 34. axb5 axb5 35. Rb4 Rc5 36. Kc2 Kf6 37. Rb3 g5 38. Rb4 h6 39. fxg5+ hxg5 40. h4 gxh4 41. gxh4 Nc4 42. h5 Kg5 43. b3 Nd6 44. Rg4+ Kf6 45. Rg6+ Ke5 46. b4 Rc8 47. Rg5+ Kf4 48. Rg4+ Ke3 49. Bd3 e5 50. Rg5 Kf4 51. Rg6 Ne4 52. Bxe4 Kxe4 53. h6 Rh8 54. Kd2 d4 55. Rb6 dxc3+ 56. Kxc3 Rc8+ 57. Kd2 Rh8 58. Rd6 Rc8 59. Ke2 Rh8 60. Kf2 Kf4 61. Ke1 Kf5 62. Kd2 Kg5 63. Ke3 Rxh6 64. Rxh6 Kxh6 65. Ke4 Kg6 66. Kxe5 Kf7 67. Kd6 Ke8 68. Kc6 Kd8 69. Kxb5 Kc7 70. Ka6 Kc8 71. Ka7 1-0


[Site "https://www.chess.com"]

[Event "Titled Tuesday Blitz April 05 Late 2022"]
[White "Sanchez Alvares, Kelvin Antonio"]
[Black "Kozak, Antoni"]
[WhiteFideId "3906680"]
[BlackFideId "21832030"]
[WhiteElo "2513"]
[BlackElo "2619"]
[Result "0-1"]
[Round "08"]
[TimeControl "180+1"]
[Date "2022.04.06"]
[WhiteClock "0:00:04"]
[BlackClock "0:00:16"]

1. e4 c6 2. d4 d5 3. e5 Bf5 4. Nc3 e6 5. g4 Bg6 6. Nge2 c5 7. h4 h5 8. Nf4 Bh7 9. Nxh5 Nc6 10. Bb5 Qb6 11. Be3 a6 12. Bxc6+ bxc6 13. dxc5 Qxb2 14. Na4 Qxe5 15. Nb6 Rd8 16. O-O d4 17. Bf4 Qxc5 18. Bc7 Be7 19. Bxd8 Bxd8 20. Na4 Qd5 21. Nf4 Qe4 22. Ng2 Nf6 23. f3 Qd5 24. Nf4 Qd6 25. Ng2 O-O 26. Nc3 Bc7 27. Ne2 c5 28. g5 Nd5 29. Qd2 Ne3 30. f4 Nxc2 31. Rac1 d3 32. Ng3 c4 33. h5 Qd4+ 34. Qf2 Bb6 35. Qxd4 Bxd4+ 36. Kh2 c3 37. f5 Bxf5 38. Nxf5 exf5 39. Rf3 d2 40. Rd1 Ne3 41. Rxe3 c2 42. Ree1 dxe1=Q 43. Rxe1 Bb2 44. Ne3 c1=Q 0-1


[Site "https://www.chess.com"]

[Event "Titled Tuesday Blitz April 05 Late 2022"]
[White "Sarana, Alexey"]
[Black "Yuan, Qingyu"]
[WhiteFideId "24133795"]
[BlackFideId "8609772"]
[WhiteElo "2666"]
[BlackElo "2359"]
[Result "1-0"]
[Round "08"]
[TimeControl "180+1"]
[Date "2022.04.05"]
[WhiteClock "0:01:34"]
[BlackClock "0:00:04"]

1. d4 d5 2. c4 e6 3. Nc3 Nf6 4. cxd5 exd5 5. Bg5 c6 6. e3 h6 7. Bh4 Be7 8. Bd3 O-O 9. Qc2 Re8 10. Nge2 Nbd7 11. O-O a5 12. f3 b5 13. e4 dxe4 14. fxe4 Ng4 15. Bxe7 Qxe7 16. Qd2 b4 17. Na4 Ba6 18. Bxa6 Rxa6 19. e5 Ngf6 20. Qd3 Raa8 21. Ng3 Nd5 22. Nf5 Qg5 23. Nd6 Re7 24. Rae1 Rf8 25. Rf3 Nf4 26. Qc2 Ng6 27. Ref1 f6 28. Nf5 Ree8 29. Qb3+ Kh7 30. e6 Nb8 31. Nc5 Ne7 32. Rg3 Nxf5 33. Rxg5 fxg5 34. Qf3 g6 35. g4 Nxd4 36. Qxf8 Rxf8 37. Rxf8 Na6 38. Nxa6 Nxe6 39. Rf6 Nf4 40. Rxc6 b3 41. axb3 h5 42. gxh5 gxh5 43. Nc5 Ne2+ 44. Kf2 Nd4 45. Ra6 Nxb3 46. Nxb3 a4 47. Nc5 1-0


[Site "https://www.chess.com"]

[Event "Titled Tuesday Blitz April 05 Late 2022"]
[White "Sarkar, Justin"]
[Black "Moral Garcia, Serafin"]
[WhiteFideId "2010011"]
[BlackFideId "2201925"]
[WhiteElo "2326"]
[BlackElo "2508"]
[Result "0-1"]
[Round "08"]
[TimeControl "180+1"]
[Date "2022.04.06"]
[WhiteClock "0:00:01"]
[BlackClock "0:00:14"]

1. d4 f6 2. e4 e6 3. c4 c6 4. Nc3 d5 5. cxd5 exd5 6. exd5 Bb4 7. Bc4 Ne7 8. dxc6 Nbxc6 9. Ne2 Bg4 10. O-O Qd6 11. Nb5 Qd7 12. Bf4 Ng6 13. Bg3 O-O-O 14. a3 Be7 15. f3 Be6 16. Rc1 Bxc4 17. Rxc4 Qd5 18. Nxa7+ Kd7 19. Nxc6 Qxc4 20. Nxd8 Rxd8 21. Qd2 Bd6 22. Bxd6 Kxd6 23. Rc1 Qb5 24. Nc3 Qb3 25. Ne4+ Ke7 26. Rc7+ Kf8 27. Nc5 Qa2 28. Rxb7 Qb1+ 29. Kf2 Kg8 30. Ne6 Rc8 31. Rxg7+ Kh8 32. Rc7 Re8 33. d5 Qf5 34. Qe3 Ne5 0-1


[Site "https://www.chess.com"]

[Event "Titled Tuesday Blitz April 05 Late 2022"]
[White "Sevian, Samuel"]
[Black "Hambleton, Aman"]
[WhiteFideId "2040506"]
[BlackFideId "2606577"]
[WhiteElo "2698"]
[BlackElo "2552"]
[Result "1-0"]
[Round "08"]
[TimeControl "180+1"]
[Date "2022.04.05"]
[WhiteClock "0:00:50"]
[BlackClock "0:00:02"]

1. f4 d5 2. Nf3 Nh6 3. g3 Bg4 4. Bg2 e6 5. O-O Nd7 6. Nc3 Bc5+ 7. e3 Nf5 8. Qe1 c6 9. h3 Bxf3 10. Bxf3 h5 11. Kh2 g5 12. d4 Bd6 13. e4 Nxd4 14. exd5 cxd5 15. Bxd5 Nxc2 16. Qe2 Nxa1 17. fxg5 Ne5 18. Bxb7 Rb8 19. Ba6 h4 20. Ne4 hxg3+ 21. Kg2 Be7 22. Bf4 Qd5 23. b3 Rb6 24. Rd1 Qa5 25. Bc8 Ng6 26. Bd7+ Kf8 27. Bc7 Qf5 28. Rh1 Nf4+ 29. Bxf4 Qxf4 30. g6 Kg7 31. gxf7 Rb4 32. Bc6 Rc8 33. Rf1 Qh6 34. Qg4+ Kh8 35. Qxg3 Nc2 36. Kh1 Rxe4 37. Bxe4 Ne3 38. Rg1 Bg5 39. Qe5+ Qf6 40. Qxg5 Qxg5 41. Rxg5 Rf8 42. Rg3 Nf5 43. Rg6 Rxf7 44. Rxe6 Ng3+ 45. Kg2 Ne2 46. Re5 Nd4 47. Bd5 Rg7+ 48. Kf2 Nc2 49. Rh5+ Rh7 50. Rxh7+ Kxh7 51. Be4+ 1-0


[Site "https://www.chess.com"]

[Event "Titled Tuesday Blitz April 05 Late 2022"]
[White "Soysal, Serkan"]
[Black "Ilyasli, Ughur"]
[WhiteFideId "6349250"]
[BlackFideId "13416197"]
[WhiteElo "2584"]
[BlackElo "2420"]
[Result "1-0"]
[Round "08"]
[TimeControl "180+1"]
[Date "2022.04.06"]
[WhiteClock "0:00:08"]
[BlackClock "0:00:04"]

1. Nf3 Nf6 2. g3 d5 3. Bg2 c6 4. O-O Bg4 5. d4 Nbd7 6. c4 dxc4 7. Nbd2 b5 8. Qc2 Rc8 9. b3 cxb3 10. axb3 Qb6 11. Ba3 g6 12. Rfc1 Bg7 13. Ne5 Qxd4 14. Nxc6 Qb6 15. Qd3 Bf5 16. e4 Rxc6 17. Rxc6 Qxc6 18. exf5 Qb6 19. Re1 O-O 20. Rxe7 b4 21. Nc4 Qc5 22. Bxb4 Qxb4 23. Rxd7 Nxd7 24. Qxd7 Qxb3 25. Bd5 Qd1+ 26. Kg2 Qa1 27. Nd6 Qf6 28. g4 gxf5 29. Nxf5 h5 30. h3 hxg4 31. hxg4 Qg5 32. f3 Qd2+ 33. Kg3 Qg5 34. Kg2 Qf6 35. Qc7 Qb2+ 36. Kh3 Qb6 37. Qd7 Qf6 38. Kg3 a5 39. f4 a4 40. g5 Qc3+ 41. Kg4 Qb2 42. Ne7+ Kh8 43. Qf5 Qf2 44. Qd3 Qg1+ 45. Kf5 Qh2 46. Bc4 Qh7+ 47. g6 fxg6+ 48. Ke6 g5 49. f5 Rf6+ 50. Kd7 Bh6 51. Qd5 Qg7 52. Qa8+ Rf8 53. Qd5 g4 54. Qe6 Bg5 55. Kd6 Bxe7+ 56. Qxe7 Qxe7+ 57. Kxe7 Rf6 58. Kxf6 a3 59. Ke7 g3 60. f6 g2 61. f7 g1=Q 62. f8=Q+ Kh7 63. Bd3+ 1-0


[Site "https://www.chess.com"]

[Event "Titled Tuesday Blitz April 05 Late 2022"]
[White "Spata, German"]
[Black "Ansh M Shah"]
[WhiteFideId "113026"]
[BlackFideId "25033379"]
[WhiteElo "2579"]
[BlackElo "2389"]
[Result "1-0"]
[Round "08"]
[TimeControl "180+1"]
[Date "2022.04.06"]
[WhiteClock "0:02:24"]
[BlackClock "0:02:27"]

1. e4 c6 2. b3 d5 3. Bb2 dxe4 4. Nc3 Nf6 5. Qe2 Bf5 6. O-O-O e6 7. f3 exf3 8. Nxf3 Qa5 9. Ne5 Ba3 10. g4 Bg6 11. h4 Bxb2+ 12. Kxb2 h5 13. Nxg6 fxg6 14. Qxe6+ Kf8 15. Bc4 1-0


[Site "https://www.chess.com"]

[Event "Titled Tuesday Blitz April 05 Late 2022"]
[White "Svane, Frederik"]
[Black "Javakhadze, Zurab"]
[WhiteFideId "12923044"]
[BlackFideId "13603647"]
[WhiteElo "2459"]
[BlackElo "2381"]
[Result "1/2-1/2"]
[Round "08"]
[TimeControl "180+1"]
[Date "2022.04.05"]
[WhiteClock "0:00:05"]
[BlackClock "0:00:07"]

1. e4 e5 2. Nf3 Nc6 3. Bb5 a6 4. Ba4 Nf6 5. O-O Be7 6. d3 b5 7. Bb3 O-O 8. Nc3 d6 9. a3 Bg4 10. Be3 Nd4 11. Bxd4 exd4 12. Nd5 c5 13. Qe2 Re8 14. h3 Be6 15. Nxf6+ Bxf6 16. Bxe6 Rxe6 17. a4 g6 18. b3 Qe8 19. Qd2 Qc6 20. Rfe1 Ree8 21. Qf4 Kg7 22. g4 h6 23. h4 Qd7 24. Qg3 Be5 25. Nxe5 dxe5 26. f4 exf4 27. Qxf4 Rac8 28. Rf1 c4 29. axb5 axb5 30. Ra6 Re6 31. Rxe6 Qxe6 32. bxc4 bxc4 33. h5 cxd3 34. cxd3 gxh5 35. gxh5 Rc5 36. Rf3 Rxh5 37. Rg3+ Kh7 38. Kg2 Ra5 39. Kh2 Ra2+ 40. Rg2 Rxg2+ 41. Kxg2 h5 42. Kg3 Qg6+ 43. Kf3 f6 44. Qc7+ Kh6 45. Qd7 h4 46. Qxd4 Qg3+ 47. Ke2 h3 48. Qxf6+ Kh5 49. Qf5+ Kh4 50. Qh7+ Kg4 51. Qg6+ Kh4 52. Qf6+ Kg4 53. Qf5+ Kh4 54. Qh7+ Kg4 55. Qg6+ Kh4 56. Qf6+ Kg4 57. Qg7+ Kh4 58. Qe7+ Kg4 59. Qe6+ Kh4 60. Qe7+ Kh5 61. Qh7+ Kg4 1/2-1/2


[Site "https://www.chess.com"]

[Event "Titled Tuesday Blitz April 05 Late 2022"]
[White "Tregubov, Pavel V."]
[Black "Buchenau, Frank"]
[WhiteFideId "4115341"]
[BlackFideId "4604350"]
[WhiteElo "2611"]
[BlackElo "2469"]
[Result "1-0"]
[Round "08"]
[TimeControl "180+1"]
[Date "2022.04.06"]
[WhiteClock "0:00:17"]
[BlackClock "0:00:05"]

1. e4 e6 2. d4 d5 3. exd5 exd5 4. Nf3 Bf5 5. Bd3 Bxd3 6. Qxd3 Nc6 7. Qb5 a6 8. Qb3 Bd6 9. O-O Nge7 10. Re1 O-O 11. Nbd2 Qd7 12. Nf1 Rae8 13. Bd2 b5 14. a4 b4 15. a5 Rb8 16. Ne5 Bxe5 17. dxe5 Nd4 18. Qd3 c5 19. Be3 Nef5 20. Ng3 Nxe3 21. Rxe3 Qb5 22. c3 Qxd3 23. Rxd3 bxc3 24. bxc3 Nb3 25. Rad1 d4 26. cxd4 Nxd4 27. Ne4 Rb5 28. g3 Rxa5 29. f4 Rb5 30. Nxc5 Nf3+ 31. Rxf3 Rxc5 32. Rd7 a5 33. Ra7 g6 34. Kg2 Rb8 35. Kh3 Rb2 36. Rd3 Rcc2 37. Rd8+ Kg7 38. Rdd7 Rxh2+ 39. Kg4 h5+ 40. Kg5 Rhg2 41. Rxf7+ Kg8 42. Kf6 Rb8 43. Rg7+ Kh8 44. Rh7+ Kg8 45. Rag7+ Kf8 46. Rh8# 1-0


[Site "https://www.chess.com"]

[Event "Titled Tuesday Blitz April 05 Late 2022"]
[White "Tsukerman, Julia"]
[Black "Zhou, Qiyu"]
[WhiteFideId "2621649"]
[BlackFideId "505161"]
[WhiteElo "2169"]
[BlackElo "2370"]
[Result "1-0"]
[Round "08"]
[TimeControl "180+1"]
[Date "2022.04.06"]
[WhiteClock "0:00:08"]
[BlackClock "0:00:03"]

1. e4 c5 2. Nf3 d6 3. d4 cxd4 4. Nxd4 Nf6 5. Nc3 Nc6 6. Be3 e5 7. Nb3 Be6 8. f3 Be7 9. Qd2 O-O 10. O-O-O a5 11. Kb1 a4 12. Nc1 Qa5 13. g4 Rfb8 14. h4 b5 15. g5 Ne8 16. Nd5 b4 17. h5 b3 18. cxb3 axb3 19. a3 Bxd5 20. exd5 Qxd2 21. Rxd2 Na5 22. Be2 Nc7 23. Rhd1 Rc8 24. f4 f6 25. Rd3 Rab8 26. Rc3 exf4 27. Bxf4 fxg5 28. Bg3 Bf6 29. Re3 Ne8 30. Re6 Rc2 31. Nd3 Rbc8 32. Be1 Nc4 33. Rc1 Rxc1+ 34. Nxc1 Nxb2 35. Nxb3 Na4 36. Re3 Nc5 37. Ka2 Nd7 38. Rd3 Ne5 39. Rd2 Nc7 40. Nd4 Rb8 41. Nc6 Nxc6 42. dxc6 d5 43. Bf2 Rc8 44. Rc2 Be5 45. a4 Kf7 46. a5 Ra8 47. Bb6 Na6 48. c7 Nxc7 49. Bxc7 Bxc7 50. Rxc7+ Ke6 51. a6 Kd6 52. Rxg7 d4 53. Rxh7 g4 54. Rg7 d3 55. Bxd3 Rf8 56. Rxg4 Rf2+ 57. Kb3 1-0


[Site "https://www.chess.com"]

[Event "Titled Tuesday Blitz April 05 Late 2022"]
[White "Vasquez Schroeder, Rodrigo"]
[Black "Dubov, Daniil"]
[WhiteFideId "3400042"]
[BlackFideId "24126055"]
[WhiteElo "2561"]
[BlackElo "2791"]
[Result "1-0"]
[Round "08"]
[TimeControl "180+1"]
[Date "2022.04.05"]
[WhiteClock "0:01:27"]
[BlackClock "0:00:08"]

1. e4 c5 2. Nf3 d6 3. d4 cxd4 4. Nxd4 Nf6 5. Nc3 Nc6 6. Bg5 g6 7. Nb3 Bg7 8. Be2 O-O 9. Qd2 Be6 10. Rd1 Rc8 11. O-O Ne5 12. Bh6 Bxh6 13. Qxh6 Qb6 14. h3 Bc4 15. Rfe1 Bxe2 16. Rxe2 Nc4 17. Nd5 Nxd5 18. exd5 Nxb2 19. Rd4 Rc4 20. Rxc4 Nxc4 21. Re4 Qb4 22. Rh4 Qe1+ 23. Kh2 Qe5+ 24. Kg1 Qe1+ 25. Kh2 Qe5+ 26. g3 Qg7 27. Qxg7+ Kxg7 28. Rxc4 Kf6 29. f4 b5 30. Rc7 a5 31. Nd4 b4 32. g4 h6 33. h4 g5 34. Kg3 a4 35. Nf5 Rb8 36. Nxh6 gxf4+ 37. Kxf4 b3 38. cxb3 axb3 39. axb3 Rb4+ 40. Rc4 Rxb3 41. g5+ Kg6 42. Nf5 Kh5 43. Nxe7 Kxh4 44. Nf5+ Kh5 45. Nxd6 Kg6 46. Rc6 Rb4+ 47. Ne4+ Kg7 48. Ke5 1-0


[Site "https://www.chess.com"]

[Event "Titled Tuesday Blitz April 05 Late 2022"]
[White "Villegas, Pierre"]
[Black "Do Valle Cardoso, Lucas"]
[WhiteFideId "654183"]
[BlackFideId "2163144"]
[WhiteElo "2386"]
[BlackElo "2331"]
[Result "1-0"]
[Round "08"]
[TimeControl "180+1"]
[Date "2022.04.05"]
[WhiteClock "0:00:49"]
[BlackClock "0:00:33"]

1. d4 d5 2. c4 dxc4 3. e3 e5 4. Bxc4 exd4 5. exd4 Nf6 6. Nf3 Bd6 7. Qe2+ Qe7 8. Qxe7+ Bxe7 9. O-O O-O 10. Re1 Bd6 11. Bg5 Nc6 12. Nc3 a6 13. Bxf6 gxf6 14. Ne4 Kg7 15. Nxd6 cxd6 16. h3 Bd7 17. a3 Rac8 18. Bd5 Rfe8 19. Kf1 Be6 20. Bxc6 bxc6 21. Nd2 Bd5 22. f3 Rxe1+ 23. Rxe1 Rb8 24. b4 a5 25. Rb1 axb4 26. axb4 f5 27. Ke2 f4 28. Ne4 Rd8 29. Kd3 Kg6 30. b5 cxb5 31. Rxb5 Be6 32. Rg5+ Kh6 33. h4 d5 34. Nf6 Bf5+ 35. Rxf5 Kg6 36. Rxf4 h5 37. g4 hxg4 38. fxg4 Ra8 39. Nxd5 Ra3+ 40. Ke4 Rh3 41. Rf6+ Kg7 42. h5 Rh1 43. Rf4 Re1+ 44. Ne3 Rh1 45. d5 Ra1 46. Rf5 Ra4+ 47. Kf3 f6 48. Rf4 Ra3 49. Rd4 Kh6 50. d6 Kg5 51. d7 f5 52. d8=Q+ Kh6 53. Qf6+ Kh7 54. Rd7+ Kg8 55. Qd8# 1-0


[Site "https://www.chess.com"]

[Event "Titled Tuesday Blitz April 05 Late 2022"]
[White "Vusatiuk, Vladimir"]
[Black "Ovetchkin, Roman"]
[WhiteFideId "14118610"]
[BlackFideId "4119991"]
[WhiteElo "2157"]
[BlackElo "2409"]
[Result "1/2-1/2"]
[Round "08"]
[TimeControl "180+1"]
[Date "2022.04.05"]
[WhiteClock "0:00:07"]
[BlackClock "0:01:07"]

1. e4 c6 2. Ne2 d5 3. e5 Bf5 4. Ng3 Bg6 5. h4 h5 6. Be2 e6 7. d4 c5 8. c3 Nc6 9. Nxh5 Bxh5 10. Bxh5 g6 11. Bf3 Rxh4 12. Rxh4 Qxh4 13. g3 Qh2 14. Be3 Bh6 15. Ke2 Bxe3 16. Kxe3 cxd4+ 17. cxd4 Nge7 18. g4 Qh6+ 19. Ke2 Qf4 20. Nd2 Nxd4+ 21. Kf1 Nec6 22. b4 Nxe5 23. Be2 Rc8 24. Qa4+ Kf8 25. Qd1 Kg7 26. Rc1 Rxc1 27. Qxc1 Nxe2 28. Kxe2 Qxg4+ 29. Kf1 Qxb4 30. Qa1 Qf4 31. Nf3 Qxf3 32. Qxe5+ Qf6 33. Qc7 Qa1+ 34. Kg2 Qxa2 35. Qe5+ Kg8 36. Qb8+ Kh7 37. Qh2+ Kg7 38. Qe5+ Kf8 39. Qb8+ Kg7 40. Qe5+ 1/2-1/2


[Site "https://www.chess.com"]

[Event "Titled Tuesday Blitz April 05 Late 2022"]
[White "Weetik, Vjacheslav"]
[Black "Morris-Suzuki, Sophie"]
[WhiteFideId "4153472"]
[BlackFideId "30922615"]
[WhiteElo "2603"]
[BlackElo "2515"]
[Result "1-0"]
[Round "08"]
[TimeControl "180+1"]
[Date "2022.04.06"]
[WhiteClock "0:00:07"]
[BlackClock "0:00:21"]

1. e4 c5 2. Nf3 e6 3. d4 cxd4 4. Nxd4 Nc6 5. Nc3 a6 6. g3 Qc7 7. Bg2 Nf6 8. O-O Be7 9. Be3 O-O 10. f4 d6 11. h3 Bd7 12. g4 Nxd4 13. Qxd4 Bc6 14. g5 Nd7 15. Qd2 b5 16. a3 Rfe8 17. h4 Bf8 18. h5 Qb7 19. Qf2 a5 20. b4 axb4 21. axb4 d5 22. Rxa8 Rxa8 23. f5 Ne5 24. fxe6 fxe6 25. exd5 exd5 26. Bd4 Bd6 27. Qf5 Bd7 28. Bxd5+ Qxd5 29. Nxd5 Bxf5 30. Rxf5 Nc6 31. Bc3 Ra2 32. h6 gxh6 33. gxh6 Rxc2 34. Nf6+ Kf7 35. Rf3 Ne5 36. Bxe5 Bxe5 37. Ng4+ Ke6 38. Re3 Rc1+ 39. Kg2 Rb1 40. Rxe5+ Kd6 41. Rxb5 Rb2+ 42. Kg3 Kc6 43. Rc5+ Kb6 44. Rc4 Kb5 45. Rf4 Rb3+ 46. Kh4 Rb1 47. Nf6 Rh1+ 48. Kg5 Rg1+ 49. Kf5 Rh1 50. Ng8 Rg1 51. Rg4 Rf1+ 52. Ke6 Rh1 53. Kf7 Rf1+ 54. Kg7 Rh1 55. Nf6 Kb6 56. Nxh7 Kb5 57. Nf6 Kb6 58. h7 Kb5 59. h8=Q Re1 60. Qb8+ Ka4 61. b5+ Kb3 62. Qg3+ Re3 63. Qxe3+ Kc2 64. Rg2+ Kd1 65. Qg1# 1-0


[Site "https://www.chess.com"]

[Event "Titled Tuesday Blitz April 05 Late 2022"]
[White "Yurtseven, Melih"]
[Black "Winkels, Marcel"]
[WhiteFideId "6312160"]
[BlackFideId "1003887"]
[WhiteElo "2481"]
[BlackElo "2122"]
[Result "1-0"]
[Round "08"]
[TimeControl "180+1"]
[Date "2022.04.06"]
[WhiteClock "0:01:32"]
[BlackClock "0:00:35"]

1. e4 c5 2. Nc3 d6 3. Nge2 Nf6 4. d4 cxd4 5. Nxd4 a6 6. Bg5 Nbd7 7. Qe2 g6 8. f4 Qc7 9. O-O-O Bg7 10. g4 O-O 11. h4 h6 12. Bxf6 Bxf6 13. Nd5 Qa5 14. a3 Bg7 15. h5 e6 16. Ne7+ Kh7 17. hxg6+ fxg6 18. g5 Qd8 19. Nxg6 Kxg6 20. Nxe6 Qb6 21. Qh5+ Kh7 22. Nxg7 Kxg7 23. Qxh6+ Kf7 24. Bc4+ Ke8 25. Rxd6 Qe3+ 26. Kb1 Qxe4 27. Re6+ Qxe6 28. Qxe6+ Kd8 29. Rd1 Kc7 30. Qe7 Rd8 31. Be6 1-0


[Site "https://www.chess.com"]

[Event "Titled Tuesday Blitz April 05 Late 2022"]
[White "Zhigalko, Sergei"]
[Black "Barbosa, Evandro Amorim"]
[WhiteFideId "13502956"]
[BlackFideId "2115824"]
[WhiteElo "2662"]
[BlackElo "2454"]
[Result "1-0"]
[Round "08"]
[TimeControl "180+1"]
[Date "2022.04.05"]
[WhiteClock "0:00:06"]
[BlackClock "0:00:02"]

1. e4 c5 2. Nf3 e6 3. c3 Nf6 4. e5 Nd5 5. Bc4 d6 6. d4 cxd4 7. cxd4 Be7 8. O-O O-O 9. Bd2 b6 10. Qe2 Bb7 11. Nc3 Nxc3 12. Bxc3 Nd7 13. Rfe1 dxe5 14. dxe5 Nc5 15. Rad1 Qc7 16. Rd4 Rfd8 17. Rg4 g6 18. h4 Rac8 19. h5 Ne4 20. Bxe6 fxe6 21. hxg6 hxg6 22. Rxe4 Bxe4 23. Qxe4 Kg7 24. Nd4 Qc4 25. Re3 Rxd4 26. Qxd4 Qxd4 27. Bxd4 Rc1+ 28. Kh2 Rd1 29. Bc3 Bc5 30. Rf3 Be7 31. Rf4 Ra1 32. a3 Bc5 33. Rf6 a5 34. Kg3 Rc1 35. Rxe6 Bxa3 36. Rxb6 Bc5 37. Rb5 Ba7 38. Rxa5 Bb6 39. Rb5 Bd8 40. Rb7+ Kh6 41. e6 1-0


[Site "https://www.chess.com"]

[Event "Titled Tuesday Blitz April 05 Late 2022"]
[White "Abdyzhapar, Asylbek"]
[Black "Mkrtchyan, Mariam"]
[WhiteFideId "13800337"]
[BlackFideId "13310828"]
[WhiteElo "2331"]
[BlackElo "1984"]
[Result "0-1"]
[Round "09"]
[TimeControl "180+1"]
[Date "2022.04.05"]
[WhiteClock "0:00:48"]
[BlackClock "0:00:30"]

1. d4 d5 2. c4 c6 3. Nc3 Nf6 4. e3 Bf5 5. cxd5 cxd5 6. Qb3 Nc6 7. Qxb7 Bd7 8. Qb3 Rb8 9. Qd1 e5 10. dxe5 Nxe5 11. Be2 Bb4 12. Nf3 Nxf3+ 13. Bxf3 O-O 14. O-O Bxc3 15. bxc3 Qa5 16. Qd4 Rfc8 17. Bd2 Rc4 18. Qe5 Re8 19. Qd6 Rc6 20. Qb4 Qc7 21. Rfd1 Rc4 22. Qa3 Bg4 23. Bxg4 Nxg4 24. g3 Qc6 25. Be1 Ne5 26. h4 Nf3+ 27. Kf1 Rxh4 28. gxh4 Qc4+ 29. Rd3 Qxd3+ 30. Kg2 Nxh4+ 31. Kg3 Qg6+ 32. Kxh4 Re5 0-1


[Site "https://www.chess.com"]

[Event "Titled Tuesday Blitz April 05 Late 2022"]
[White "Arabidze, Meri"]
[Black "Tanenbaum, Zachary"]
[WhiteFideId "13604040"]
[BlackFideId "2060850"]
[WhiteElo "2335"]
[BlackElo "2168"]
[Result "0-1"]
[Round "09"]
[TimeControl "180+1"]
[Date "2022.04.05"]
[WhiteClock "0:00:02"]
[BlackClock "0:00:21"]

1. d4 d5 2. c4 dxc4 3. e4 c5 4. d5 e6 5. Nc3 exd5 6. Nxd5 Nf6 7. Bxc4 Nxd5 8. Bxd5 Be7 9. Ne2 O-O 10. O-O Nd7 11. Nc3 Nf6 12. Bf4 Nxd5 13. Nxd5 Bd6 14. Qf3 Bxf4 15. Qxf4 Be6 16. Rfd1 Bxd5 17. Rxd5 Qe7 18. Rad1 Rad8 19. h3 h6 20. b3 Rfe8 21. Kh2 b6 22. R1d2 Rxd5 23. exd5 Qe5 24. Qxe5 Rxe5 25. d6 Re8 26. Kg3 f6 27. Kf4 Kf7 28. h4 Rd8 29. d7 g6 30. h5 gxh5 31. Kf5 b5 32. Rd6 Ke7 33. Rd5 Rxd7 34. Rxc5 Rd2 35. f4 Rxg2 36. Rxb5 Rxa2 37. Rb7+ Kd6 38. Rh7 Kd5 39. Rxh6 Kd4 40. Rxf6 Ra5+ 41. Kg6 h4 42. Rf7 Ke4 43. f5 Kf4 44. f6 Rg5+ 45. Kh6 h3 46. Rg7 h2 47. Rxg5 h1=Q+ 48. Rh5 Qc6 49. Kg7 Kg4 50. Rh6 Kg5 51. Rg6+ Kf5 52. Rh6 Qc3 53. Rh5+ Ke6 54. Rh6 Qg3+ 55. Rg6 Qc7+ 56. Kh6 Qf7 57. Kg5 Ke5 58. Kh6 Qxb3 59. Rg7 Kxf6 60. Rg6+ Kf5 61. Rg5+ Kf4 62. Rg6 Qb6 63. Rxb6 axb6 64. Kg6 b5 65. Kf6 b4 0-1


[Site "https://www.chess.com"]

[Event "Titled Tuesday Blitz April 05 Late 2022"]
[White "Barbosa, Evandro Amorim"]
[Black "Bortnyk, Olexandr"]
[WhiteFideId "2115824"]
[BlackFideId "14120828"]
[WhiteElo "2454"]
[BlackElo "2723"]
[Result "0-1"]
[Round "09"]
[TimeControl "180+1"]
[Date "2022.04.05"]
[WhiteClock "0:00:04"]
[BlackClock "0:00:19"]

1. e4 Nf6 2. e5 Nd5 3. d4 d6 4. Nf3 dxe5 5. Nxe5 c6 6. Be2 Bf5 7. O-O Nd7 8. Nf3 e6 9. c4 N5f6 10. Nc3 Bd6 11. Nh4 Bg6 12. g3 O-O 13. Nxg6 hxg6 14. Be3 e5 15. d5 Qc7 16. Bf3 a5 17. Re1 Rfe8 18. Bg2 Bc5 19. Qd2 Rad8 20. Rad1 Bxe3 21. Qxe3 cxd5 22. cxd5 Qc5 23. d6 b6 24. Na4 Qb4 25. b3 Re6 26. Qd2 e4 27. Qxb4 axb4 28. Rd4 Nc5 29. Red1 Nd3 30. Nxb6 Rexd6 31. Rxd6 Rxd6 32. Nc4 Ra6 33. Rd2 Nc1 34. Nd6 Nxa2 35. Nxe4 Nxe4 36. Bxe4 Nc3 37. Rd8+ Kh7 38. Bd3 Ra1+ 39. Kg2 Rd1 40. h4 f5 41. f4 Ne4 42. Kf3 Nc5 43. Ke2 Rg1 44. Bc4 Rxg3 45. Bg8+ Kh6 46. Bd5 Kh7 47. Bg8+ Kh6 48. Bd5 g5 49. Rh8+ Kg6 50. hxg5 Nd3 51. Bc6 Nxf4+ 52. Kf2 Rxb3 53. Be8+ Kxg5 54. Rg8 Kf6 55. Bb5 Rc3 56. Rb8 b3 57. Rb6+ Ke5 58. Be8 g5 59. Bf7 Nd3+ 60. Ke3 Nc5+ 61. Kd2 Ne4+ 62. Kd1 Nc5 63. Rb5 Kd4 64. Kd2 Rc2+ 65. Kd1 g4 66. Bxb3 Rb2 67. Rb4+ Ke3 0-1


[Site "https://www.chess.com"]

[Event "Titled Tuesday Blitz April 05 Late 2022"]
[White "Buchenau, Frank"]
[Black "Domingo Nunez, Alejandro"]
[WhiteFideId "4604350"]
[BlackFideId "22245561"]
[WhiteElo "2464"]
[BlackElo "2621"]
[Result "0-1"]
[Round "09"]
[TimeControl "180+1"]
[Date "2022.04.06"]
[WhiteClock "0:02:03"]
[BlackClock "0:02:37"]

1. e4 g6 2. d4 Bg7 3. Nc3 c6 4. Nf3 d5 5. Bf4 dxe4 6. Nxe4 Nf6 7. Nxf6+ exf6 8. Be2 O-O 9. O-O a5 10. c4 Na6 11. Re1 Bf5 12. a3 Re8 13. Qd2 a4 14. h3 Re4 15. Bd3 Rxf4 16. Qxf4 Bxd3 17. Rac1 Nc7 18. Re3 Ne6 19. Qh2 Bh6 0-1


[Site "https://www.chess.com"]